 Dungeon Sprint DCSS version 0.31-a0-37-g98a128e1d9 (webtiles) character file.

Game seed: 14346884207498441685

2300 sircluck the Grappler (level 9, -2/101 HPs)
             Began as a Troll Berserker on May 15, 2023.
             Was a Priest of Trog.
             Slain by a centaur warrior (3 damage)
             ... in the Dungeon (Sprint I: "Red Sonja").
             The game lasted 00:02:52 (554 turns).

sircluck the Grappler (Troll Berserker)              Turns: 554, Time: 00:02:53

Health: -2/101     AC:  6    Str: 31    XL:     9   Next: 17%
Magic:  8/8        EV: 12    Int:  3    God:    Trog [***...]
Gold:   855        SH:  0    Dex:  9    Spells: 8/8 levels left

rFire   . .          .
                       - Unarmed
rCold   . . .        (no shield)
rNeg    . . .        l - +0 troll leather armour
rPois   .            (helmet restricted)
rElec   .            (no cloak)
rCorr   .            (gloves unavailable)
SInv    .            (boots unavailable)
Will    .....        (no amulet)
Stlth   +            (no ring)
HPRegen 1.96/turn    (no ring)
MPRegen 0.11/turn

%: no teleportation
@: no status effects
A: large, unfitting armour, claws 3, regeneration 1, shaggy fur 1, tough skin 1
a: Renounce Religion, Berserk, Trog's Hand


You were in the Dungeon.
You worshipped Trog.
Trog was most pleased with you.
You visited 1 branch You collected 855 gold pieces.

Inventory:

Hand Weapons
 i - a +0 giant club
Armour
 a - a +0 animal skin
 l - a +0 troll leather armour (worn)
Wands
 h - a wand of light (8)
Scrolls
 b - a scroll of identify {unknown}
 k - a scroll of immolation {unknown}
 n - a scroll of amnesia {unknown}
Potions
 c - a potion of heal wounds
 d - a potion of haste
 e - 2 potions of magic
 f - a potion of berserk rage
 g - 2 potions of curing
 j - 2 potions of flight {unknown}
 m - a potion of resistance {unknown}


   Skills:
 + Level 10.0 Fighting
 + Level 9.7 Dodging
 + Level 1.4 Stealth
 + Level 13.8 Unarmed Combat


You had 8 spell levels left.
You didn't know any spells.
Your spell library was empty.

Dungeon Overview and Level Annotations

Branches:
Dungeon (1/1)

Altars:
Cheibriados
Dithmenos
Elyvilon
Fedhas
Gozag
Hepliaklqana
Kikubaaqudgha
Makhleb
Nemelex Xobeh
Okawaru
Qazlal
Ru
Sif Muna
Trog
Uskayaw
Vehumet
Wu Jian
Xom
Yredelemnul
Zin
The Shining One
Jiyva
Lugonu

Shops:
D ([


Innate Abilities, Weirdness & Mutations

You are too large for most types of armour.
You have claws for hands.
Your natural rate of healing is unusually fast.
You are covered in fur. (AC +1)
You have tough skin. (AC +1)


Message History

You open the door.
Found a book of Spectacle and a ring mail.
Found a leather armour.
There is an open door here.
You see here a +0 leather armour.
n - a scroll labelled GOYJAY EHOZEHIXUA You see here a +0 leather armour.
As you open the door, it creaks loudly!
You hear a shout! x2 2 centaur warriors come into view.
The centaur warrior shouts!
Found 16 gold pieces and a scroll labelled JIZ BOCWUEDO.
There is an open door here.
You barely miss the centaur warrior.
The centaur warrior wields a +0 shortbow.
The centaur warrior shoots an arrow.
The arrow hits you!! The centaur warrior hits you.
The centaur warrior barely misses you.
You barely miss the centaur warrior.
The centaur warrior shoots an arrow.
The arrow hits you!! The centaur warrior barely misses you.
The centaur warrior kicks you.
The centaur warrior shoots an arrow.
The arrow hits you!!
The centaur warrior barely misses you. x2
The centaur warrior wields a +0 longbow.
The centaur warrior shoots an arrow.
The arrow hits you.
* * * LOW HITPOINT WARNING * * *
You see here a +0 leather armour.
Unknown command.
Which direction?
You close the door.
A centaur warrior breaks down the door.
Your two-headed ogre goes berserk!
You can no longer call in reinforcements.
The centaur warrior shoots an arrow.
The arrow hits you!!
* * * LOW HITPOINT WARNING * * *
You claw the centaur warrior!
The centaur warrior is moderately wounded.
Your two-headed ogre hits the centaur warrior with a +0 giant club!!
Your two-headed ogre hits the centaur warrior with a +0 giant spiked club!
The centaur warrior unwields a +0 shortbow.
The centaur warrior hits you!
* * * LOW HITPOINT WARNING * * *
The centaur warrior kicks you.
You die...

#########################
<.#..†..#..'..#__#..'...#
..').#..)).#..'..'..#)..#
..#####'#####'#__####...+
..####..#...#)####§? ####
..#__####..##.#§§§§§#
..#_____##'#_.+§§§..+
⌠⌠#_.∩...'..._#§c§§.#
###_..__##_)#'##@###
#_____###'#.#Oc[.###
#########.####'###.##
.......'...'†....'.∩#
++++####...##########
###.### #.#'#.# #.....#
#..[..#


You could see 2 centaur warriors and a friendly two-headed ogre (summoned,
berserk).

Vanquished Creatures
  Sonja (D)
  A deep troll (D)
  2 kobold demonologists (D)
  Sigmund (D)
  A slime creature (D)
  A yak (D)
  A floating eye (D)
  An ogre (D)
  A jelly (D)
  Ijyb (D)
11 creatures vanquished.

Vanquished Creatures (others)
  2 ballistomycete spores (D)
2 creatures vanquished.

Grand Total: 13 creatures vanquished

Notes
Turn   | Place    | Note
-------+----------+-------------------------------------------
     0 | D        | sircluck the Troll Berserker began the quest for the Orb.
     0 | D        | Reached XP level 1. HP: 22/22 MP: 0/0
     1 | D        | Noticed Ijyb
     8 | D        | Killed Ijyb
     9 | D        | Reached skill level 4 in Unarmed Combat
     9 | D        | Reached XP level 2. HP: 4/31 MP: 1/1
    36 | D        | Noticed an ogre
    44 | D        | Killed an ogre
    45 | D        | Reached skill level 5 in Dodging
    45 | D        | Reached skill level 6 in Unarmed Combat
    45 | D        | Reached XP level 3. HP: 41/41 MP: 2/2
    45 | D        | Reached XP level 4. HP: 49/49 MP: 3/3
    84 | D        | Noticed Sigmund
   109 | D        | Killed Sigmund
   109 | D        | Reached ** piety under Trog
   110 | D        | Reached skill level 8 in Unarmed Combat
   110 | D        | Reached XP level 5. HP: 61/61 MP: 4/4
   110 | D        | Reached XP level 6. HP: 68/68 MP: 5/5
   161 | D        | Found an ornate altar of the Wu Jian Council.
   161 | D        | Found a shimmering blue altar of Sif Muna.
   163 | D        | Found a radiant altar of Vehumet.
   176 | D        | Found a burning altar of Makhleb.
   176 | D        | Found a viscous altar of Jiyva.
   176 | D        | Found a shimmering altar of Xom.
   176 | D        | Found a corrupted altar of Lugonu.
   176 | D        | Noticed a slime creature
   182 | D        | Killed a slime creature
   183 | D        | Reached skill level 9 in Unarmed Combat
   206 | D        | Noticed a kobold demonologist
   206 | D        | Noticed a floating eye
   206 | D        | Noticed a kobold demonologist
   208 | D        | Killed a floating eye
   208 | D        | Reached *** piety under Trog
   209 | D        | Reached skill level 10 in Unarmed Combat
   209 | D        | Reached XP level 7. HP: 79/79 MP: 6/6
   211 | D        | Noticed an orange demon
   214 | D        | Killed a kobold demonologist
   215 | D        | Reached skill level 11 in Unarmed Combat
   221 | D        | Noticed a hellwing
   243 | D        | Killed a kobold demonologist
   244 | D        | Reached XP level 8. HP: 40/89 MP: 7/7
   258 | D        | Found Omuliom's Weapon Emporium.
   258 | D        | Found an ancient bone altar of Kikubaaqudgha.
   258 | D        | Found a hazy altar of Hepliaklqana.
   258 | D        | Found a stormy altar of Qazlal.
   258 | D        | Found a hide-covered altar of Uskayaw.
   258 | D        | Found a blossoming altar of Fedhas.
   258 | D        | Found a bloodstained altar of Trog.
   258 | D        | Found an iron altar of Okawaru.
   258 | D        | Found a basalt altar of Yredelemnul.
   258 | D        | Found a glowing golden altar of the Shining One.
   258 | D        | Found a snail-covered altar of Cheibriados.
   258 | D        | Found a sacrificial altar of Ru.
   258 | D        | Found a glowing silver altar of Zin.
   258 | D        | Found a shadowy altar of Dithmenos.
   258 | D        | Found a white marble altar of Elyvilon.
   262 | D        | Reached **** piety under Trog
   263 | D        | Reached skill level 12 in Unarmed Combat
   263 | D        | Found an opulent altar of Gozag.
   264 | D        | Found a sparkling altar of Nemelex Xobeh.
   370 | D        | Noticed Sonja
   383 | D        | Killed Sonja
   384 | D        | Reached skill level 1 in Stealth
   384 | D        | Reached skill level 13 in Unarmed Combat
   461 | D        | Noticed a deep troll
   470 | D        | Killed a deep troll
   471 | D        | Reached skill level 10 in Fighting
   471 | D        | Reached XP level 9. HP: 101/101 MP: 8/8
   527 | D        | Found Ownyonuja's Armour Emporium.
   547 | D        | Noticed a centaur warrior
   547 | D        | Noticed a centaur warrior
   554 | D        | HP: 1/101 [centaur warrior (12)]
   554 | D        | Slain by a centaur warrior

Illustrated notes

Levels and vault maps discovered:
D:        dungeon_sprint_1 [red_sonja_temple_1, red_sonja_temple_small_1]

Skill      XL: |  1  2  3  4  5  6  7  8 |
---------------+-------------------------+-----
Fighting       | 3 4 6 7 8 10 | 10.0
Dodging        | 3 5 6 7 8 9 |  9.7
Unarmed Combat | 4 6 8 10 11 13 | 13.8
Stealth        | 1 |  1.4

Action                     |  1- 3 |  4- 6 |  7- 9 || total
---------------------------+-------+-------+-------++-------
  Melee: Unarmed           |    11 |    16 |    38 ||    65
         Punch             |       |     1 |     1 ||     2
 Invoke: Berserk           |     1 |     1 |     2 ||     4
         Brothers in Arms  |       |       |     1 ||     1
    Use: Scroll            |       |       |     1 ||     1
         Potion            |       |       |     1 ||     1
 Armour: Animal skin       |       |     1 |    16 ||    17
  Dodge: Dodged            |     3 |     2 |    35 ||    40

Table legend: (Time is in decaauts)
 A = Elapsed time spent in this place.
 B = Non-inter-level travel time spent in this place.
 C = Inter-level travel time spent in this place.
 D = Time resting spent in this place.
 E = Time spent auto-exploring this place.
 F = Levels seen in this place.
 G = Mean time per level.
                   A        B        C        D        E       F      G
               +--------+--------+--------+--------+--------+-----+--------+
         Total |    583 |    572 |     11 |    151 |    160 |   1 |  583.0 |
       Dungeon |    583 |    572 |     11 |    151 |    160 |   1 |  583.0 |
               +--------+--------+--------+--------+--------+-----+--------+

Top non-repeatable levels by time:
       D: 583 daAuts
